 Dungeon Crawl Stone Soup version 0.19.1 (webtiles) character file.

203 firstbugout the Shield-Bearer (level 6, 0/47 HPs)
             Began as a Human Fighter on Dec 19, 2016.
             Was a Follower of Zin (penitent).
             Slain by a giant cockroach (2 damage)
             ... on level 3 of the Dungeon.
             The game lasted 00:38:56 (4076 turns).

firstbugout the Shield-Bearer (Human Fighter)       Turns: 4076, Time: 00:38:56

Health: 0/47       AC: 17    Str: 19    XL:     6   Next: 8%
Magic:  6/6        EV:  5    Int:  8    God:    Zin [*]
Gold:   156        SH:  9    Dex: 12    Spells: 0 memorised, 5 levels left

rFire  . . .     SeeInvis .     g - +1 whip (holy)
rCold  + . .     Gourm    .     h - +1 chain mail
rNeg   . . .     Faith    .     c - +0 shield
rPois  .         Spirit   .     k - +2 helmet of the Furies {rC+}
rElec  .         Reflect  .     f - +0 cloak
rCorr  .         Harm     .     (no gloves)
MR     .....                    (no boots)
Stlth  ..........               (no amulet)
                                (no ring)
                                l - +3 ring of protection

@: no status effects
A: no striking features
a: Donate Gold, Renounce Religion


You were on level 3 of the Dungeon.
You worshipped Zin.
Zin was demanding penance.
You were not hungry.

You visited 1 branch of the dungeon, and saw 3 of its levels.

You collected 173 gold pieces.
You donated 17 gold pieces to Zin.

Inventory:

Hand Weapons
 a - a +0 war axe
 g - a +1 whip of holy wrath (weapon)
 n - a +0 flail
 r - a +0 hunting sling
Missiles
 o - 9 stones (quivered)
Armour
 c - a +0 shield (worn)
 f - a +0 cloak (worn)
 h - a +1 chain mail (worn)
 k - the +2 helmet of the Furies (worn) {rC+}
   (You took it off Robin on level 3 of the Dungeon)

   It protects you from cold.
Jewellery
 l - a +3 ring of protection (left hand)
Scrolls
 j - a scroll of amnesia
 m - 2 scrolls of remove curse
 p - a scroll of teleportation
Potions
 b - a potion of agility
 e - a potion of lignification
Books
 s - a book of Maledictions

   Spells                             Type                      Level
   a - Corona                         Hexes                        1
   b - Ensorcelled Hibernation        Hexes/Ice                    2
   c - Confuse                        Hexes                        3
   d - Tukima's Dance                 Hexes                        3
   e - Dazzling Spray                 Conjuration/Hexes            3
Comestibles
 d - a bread ration
 i - a meat ration


   Skills:
 + Level 3.6 Fighting
 + Level 2.0(2.5) Axes
 + Level 2.0(2.4) Maces & Flails
 + Level 0.8 Slings
 + Level 3.9 Armour
 + Level 1.1 Dodging
 + Level 0.4 Stealth
 + Level 4.2 Shields


You had 5 spell levels left.
You didn't know any spells.

Dungeon Overview and Level Annotations

Branches:
Dungeon (3/15)

Altars:
Zin

Annotations:
D:3 Grinder


Message History

The giant cockroach bites you but does no damage. x2
You block the giant cockroach's attack.
The giant cockroach bites you but does no damage.
Grinder blinks!
The giant cockroach barely misses you.
Grinder blinks!
You block the giant cockroach's attack.
The giant cockroach bites you but does no damage.
You block the giant cockroach's attack.
The giant cockroach bites you but does no damage.
The giant cockroach bites you but does no damage.
The giant cockroach bites you but does no damage.
Grinder blinks!
All of the chunks of flesh in your inventory have rotted away.
You feel less woody.
Your +0 cloak unmelds from your body.
The +2 helmet of the Furies {rC+} unmelds from your body.
Your +1 chain mail unmelds from your body.
You block the giant cockroach's attack. The giant cockroach bites you.
You die...

#.#### #.# #.#
#.# #.# #.#
#.#### #....#
####@# #s# ..
#ยง# #.### #.#
..... #.#
...... #5#
###...... #>#
#........
#.####.#......
#....5.....g..


You could see Grinder and a giant cockroach.

Vanquished Creatures
  Terence (D:3)
  Robin (D:3)
  2 gnolls (D:3)
  6 adders
  A worm (D:3)
  2 dart slugs (D:1)
  2 leopard geckos
  An orc (D:3)
  8 bats
  A giant cockroach (D:1)
  18 goblins
  11 hobgoblins
  7 jackals
  A quokka (D:3)
  A ball python (D:2)
  3 frilled lizards
  7 kobolds
  11 rats
84 creatures vanquished.

Notes
Turn   | Place    | Note
-------+----------+-------------------------------------------
     0 | D:1      | firstbugout the Human Fighter began the quest for the Orb.
     0 | D:1      | Reached XP level 1. HP: 18/18 MP: 1/1
   236 | D:1      | Reached XP level 2. HP: 24/24 MP: 2/2
   393 | D:1      | Reached XP level 3. HP: 20/29 MP: 3/3
  1348 | D:2      | Found a faded altar of an unknown god.
  1477 | D:2      | Reached skill level 1 in Maces & Flails
  1724 | D:2      | Reached XP level 4. HP: 32/35 MP: 4/4
  1924 | D:2      | Became a worshipper of Zin the Law-Giver
  1924 | D:2      | Reached * piety under Zin
  1924 | D:2      | Reached ** piety under Zin
  2225 | D:3      | Noticed Terence
  2260 | D:3      | Killed Terence
  2287 | D:3      | Reached XP level 5. HP: 21/41 MP: 5/5
  2665 | D:3      | Noticed Robin
  2711 | D:3      | Reached skill level 1 in Dodging
  2871 | D:3      | Was placed under penance by Zin
  2878 | D:3      | Reached skill level 4 in Shields
  3262 | D:3      | Killed Robin
  3264 | D:3      | Got a heavily runed helmet
  3270 | D:3      | Identified the +2 helmet of the Furies {rC+} (You took it off Robin on level 3 of the Dungeon)
  3379 | D:3      | Noticed Grinder
  3391 | D:3      | Paralysed by Grinder for 5 turns
  3847 | D:3      | Reached XP level 6. HP: 43/47 MP: 6/6
  4045 | D:3      | Paralysed by Grinder for 7 turns
  4050 | D:3      | HP: 1/47 [Grinder/nerve-wracking pain (9)]
  4064 | D:3      | HP: 2/70 [giant cockroach (2)]
  4076 | D:3      | Slain by a giant cockroach

Skill      XL: |  1  2  3  4  5 |
---------------+----------------+-----
Maces & Flails | 1 2 |  2.0
Dodging        | 1 |  1.1
Shields        | 4 |  4.2
Fighting       | |  3.6
Axes           | |  2.0
Slings         | |  0.8
Armour         | |  3.9
Stealth        | |  0.4

Action                   |  1- 3 |  4- 6 || total
-------------------------+-------+-------++-------
Melee: War axe           |    30 |       ||    30
       Whip              |   116 |   236 ||   352
 Fire: Hunting sling     |       |    20 ||    20
Throw: Stone             |       |     7 ||     7
  Use: Scroll            |     5 |     3 ||     8
       Potion            |     2 |     4 ||     6
  Eat: Bread ration      |     1 |     1 ||     2
       Meat ration       |       |     1 ||     1
Armor: Scale mail        |    59 |       ||    59
       Chain mail        |     8 |   138 ||   146
       Skin              |       |    23 ||    23
Dodge: Dodged            |    43 |    51 ||    94
Block: Shield            |    84 |   117 ||   201
